 Dungeon Crawl Stone Soup version 0.32-a0-995-gb4a59205af (webtiles) character file.

Game seed: 17616837581642714978

285 protoss039 the Digger (level 6, 44/44 HPs)
             Began as a Demonspawn Earth Elementalist on Apr 22, 2024.
             Got out of the dungeon alive.
             The game lasted 00:05:39 (3679 turns).

protoss039 the Digger (DsEE)                        Turns: 3679, Time: 00:05:40

Health: 44/44      AC:  6    Str:  8    XL:     6   Next: 7%
Magic:  10/10      EV: 11    Int: 17    God:
Gold:   188        SH:  0    Dex: 14    Spells: 3/10 levels left

rFire   . . .        k - +1 dagger (venom)
rCold   . . .        (no shield)
rNeg    . . .        a - +0 robe
rPois   .            m - +2 hat
rElec   .            (no cloak)
rCorr   .            l - +0 pair of gloves
SInv    .            g - +0 pair of boots
Will    .....        (no amulet)
Stlth   +++          d - ring of flight
HPRegen 0.27/turn    (no ring)
MPRegen 0.12/turn

%: no passive effects
@: flying, wreathed by umbra
A: horns 1, powered by pain 1, foul shadow 1
a: no special abilities


You escaped.
You visited 1 branch of the dungeon, and saw 5 of its levels.

You collected 297 gold pieces.
You spent 109 gold pieces at shops.

Inventory:

Hand Weapons
 k - a +1 dagger of venom (weapon)
 n - the +7 captain's cutlass {speed, disarm}
   (You found it on level 3 of the Dungeon)
Armour
 a - a +0 robe (worn)
 g - a +0 pair of boots (worn)
 l - a +0 pair of gloves (worn)
 m - a +2 hat (worn)
Jewellery
 d - a ring of flight (left hand)
Scrolls
 e - 3 scrolls of amnesia
 f - 2 scrolls of teleportation
 i - a scroll of identify
 o - 2 scrolls of torment
 p - a scroll of blinking
 q - a scroll of enchant armour
 r - a scroll of fog
Potions
 b - 3 potions of magic
 c - 3 potions of curing
 h - a potion of invisibility
 j - a potion of might


   Skills:
 + Level 2.2 Fighting
 * Level 2.1 Short Blades
 + Level 1.3 Armour
 * Level 2.8 Dodging
 - Level 1.7 Stealth
 + Level 2.9 Spellcasting
 + Level 1.9 Conjurations
 + Level 3.3 Earth Magic


You had 3 spell levels left.
You knew the following spells:

 Your Spells              Type           Power      Damage    Failure   Level
a - Sandblast             Erth           26%        2d8       4%          1
b - Passwall              Erth           13%        N/A       13%         3
c - Stone Arrow           Conj/Erth      22%        3d8       19%         3

Your spell library contained the following spells:

 Spells                   Type           Power      Damage    Failure   Level
 Ensorcelled Hibernation  Hex/Ice        4%         N/A       26%         2
 Hailstorm                Conj/Ice       5%         3d5       34%         3
 Fugue of the Fallen      Necr           2%         N/A       47%         3
 Summon Ice Beast         Ice/Summ       2%         N/A       47%         3
 Brom's Barrelling Bould  Conj/Erth      11%        2d3       52%         4
 Petrify                  Alch/Erth      8%         N/A       65%         4
 Anguish                  Hex/Necr       1%         N/A       87%         4
 Permafrost Eruption      Ice/Erth       4%         2x4d2     100%        6
 Sculpt Simulacrum        Ice/Alch       1%         N/A       100%        6


Dungeon Overview and Level Annotations

Branches:
Dungeon (5/15) Zot: 26301  Temple (0/1) D:4

Altars:
Cheibriados
Gozag
Qazlal
Xom

Shops:
D:2 (   D:4 [*=!*


Innate Abilities, Weirdness & Mutations

You have a pair of small horns on your head.
You sometimes gain a little power by taking damage.
You are faintly shadowed, very rarely releasing foul flame when damaged in melee.


Message History

A quokka comes into view.
You have reached level 6!
Your demonic ancestry asserts itself...
You feel energised by your suffering.
Unknown command.
Things that are here:
a +0 dagger; a +0 robe; an orc corpse
Casting: Sandblast (safe; 4% risk of failure)
Confirm with . or Enter, or press ? or * to list all spells.
Aiming: Stone Arrow (dangerous; 19% risk of failure)
Press: ? - help, Shift-Dir - straight line, f - quokka
Aim: a quokka (wandering, hasn't noticed you, umbra, 56% to hit)
The stone arrow hits the quokka!
You kill the quokka!
Unknown command.
Things that are here:
a +0 dagger; a +0 robe; an orc corpse
There is a stone staircase leading up here.
You fly upwards.
There is a stone staircase leading down here.
What level of the Dungeon? (default 4, ? - help)
The angel lectures the ground at length about the Axioms of Law.
There is a shimmering altar of Xom here.
The angel lectures its feet at length about Zin's Axioms of Law.
There is a stone staircase leading up here.
Magic restored.
You fly upwards.
There is a stone staircase leading down here.
You see here a +0 short sword.
You see here a bat skeleton.
There is a stone staircase leading up here.
You fly upwards.
There is a stone staircase leading down here.
There is a stone staircase leading up here.
You fly upwards.
There is a stone staircase leading down here.
Key pressed, stopping travel.
There is an open door here.
There is a staircase leading out of the dungeon here.
You have escaped!

##.#.#####
##.#.....#
.....###.# .....#
#.# .....#
#.##### .....#
#.##≈≈≈♣## .....#
#.#≈≈≈♣..# .....#
#.#♣♣♣..###
.....#
#.'......@#
#..###
#.#♣♣♣..###
#..#####.#≈≈≈♣.>#
.>#...##.##≈≈≈♣##
###.#.##.#####
....#....#
#####.#### # ###
#


There were no monsters in sight!

Vanquished Creatures
  2 orc priests (D:4)
  A hound (D:4)
  An iguana (D:5)
  2 orc wizards (D:5)
  2 gnolls (D:3)
  2 adders (D:2)
  A dart slug (D:1)
  A ribbon worm (D:2)
  4 orcs
  6 bats
  5 endoplasms
  5 giant cockroaches
  4 goblins
  7 hobgoblins
  9 jackals
  7 quokkas
  A ball python (D:3)
  3 frilled lizards
  5 kobolds
  6 rats
  A spectral kobold (D:1)
75 creatures vanquished.

Vanquished Creatures (others)
  An adder (D:4)
1 creature vanquished.

Grand Total: 76 creatures vanquished

Notes
Turn   | Place    | Note
-------+----------+-------------------------------------------
     0 | D:1      | protoss039 the Demonspawn Earth Elementalist began the
                  | quest for the Orb.
     0 | D:1      | Reached XP level 1. HP: 13/13 MP: 3/3
   233 | D:1      | Gained mutation: You have a pair of small horns on your
                  | head. [demonic ancestry]
   233 | D:1      | Reached XP level 2. HP: 20/20 MP: 0/5
   291 | D:1      | Found a faded altar of an unknown god.
   471 | D:1      | Reached skill level 1 in Fighting
   628 | D:1      | Reached skill level 3 in Earth Magic
  1035 | D:2      | Found Tico Ehe's Antique Weapon Emporium.
  1049 | D:2      | Reached XP level 3. HP: 26/26 MP: 6/6
  1638 | D:2      | Reached skill level 1 in Short Blades
  1881 | D:2      | Learned a level 3 spell: Passwall
  1885 | D:2      | Learned a level 3 spell: Stone Arrow
  1895 | D:3      | Reached XP level 4. HP: 32/32 MP: 4/7
  2113 | D:3      | Found the +7 captain's cutlass {speed, disarm}
  2159 | D:3      | Found an opulent altar of Gozag.
  2701 | D:4      | Found a staircase to the Ecumenical Temple.
  2706 | D:4      | Found a shimmering altar of Xom.
  2706 | D:4      | Noticed an angel
  2712 | D:4      | Found Tetur's General Store.
  2720 | D:4      | Bought a potion of curing for 36 gold pieces
  2776 | D:4      | Found Melasiq's Jewellery Boutique.
  2817 | D:4      | Found a stormy altar of Qazlal.
  2817 | D:4      | Noticed an earth elemental
  2821 | D:4      | Noticed a fire elemental
  2821 | D:4      | Noticed a water elemental
  2821 | D:4      | Noticed an air elemental
  2879 | D:4      | Found Sanudouw's Armour Shop.
  2879 | D:4      | Noticed an animated plate armour
  2881 | D:4      | Noticed an animated storm dragon scales
  2892 | D:4      | Reached skill level 1 in Armour
  2892 | D:4      | Gained mutation: You are faintly shadowed, very rarely
                  | releasing foul flame when damaged in melee. [demonic
                  | ancestry]
  2892 | D:4      | Reached XP level 5. HP: 30/38 MP: 9/9
  2976 | D:4      | Found a snail-covered altar of Cheibriados.
  3327 | D:4      | Found Nemiuw's Distillery.
  3331 | D:4      | Bought a potion of curing for 33 gold pieces
  3345 | D:4      | Found Ufruomyj's General Store.
  3350 | D:4      | Bought a scroll of fog for 40 gold pieces
  3472 | D:5      | Entered Level 5 of the Dungeon
  3597 | D:5      | Gained mutation: You sometimes gain a little power by
                  | taking damage. [demonic ancestry]
  3597 | D:5      | Reached XP level 6. HP: 43/44 MP: 10/10
  3679 | D:$      | Got out of the dungeon alive.

Illustrated notes

Levels and vault maps discovered:
D:1:      saegor_arrival_simple_d, layout_basic,
          dreamdust_ecumenical_altar_drowned_temple,
          chequers_serial_rivers_large_a
D:2:      layout_loops_ring, serial_shops, shop
D:3:      minmay_evil_eye, layout_loops_ring, grunt_gozag_breadcrumbs,
          st_stairs_1
D:4:      layout_loops_cross, grunt_temple_overflow_order_and_chaos_1,
          old_standard_altar, nicolae_qazlal_style_of_elements,
          minmay_temple_entry_trees, serial_shops, nicolae_shop_mannequins,
          nicolae_shop_gaudy_bauble, nicolae_shop_stone, shop_statue, shop,
          minivault_27
D:5:      layout_basic, mainiacjoe_overflow_alcove_2, serial_glass,
          glass_columns_b, glass_columns_c, glass_columns_a, glass_columns_c,
          gammafunk_ghost_hive, minmay_manual_mares

Skill      XL: |  1  2  3  4  5 |
---------------+----------------+-----
Fighting       | 1 2 |  2.2
Earth Magic    | 3 |  3.3
Dodging        | 2 |  2.8
Short Blades   | 1 2 |  2.1
Armour         | 1 |  1.3
Stealth        | |  1.7
Spellcasting   | |  2.9
Conjurations   | |  1.9

Action                     |  1- 3 |  4- 6 || total
---------------------------+-------+-------++-------
  Melee: Dagger            |    55 |    52 ||   107
         Headbutt          |     8 |    14 ||    22
         Cutlass           |       |    30 ||    30
   Cast: Sandblast         |    31 |     9 ||    40
         Stone Arrow       |       |     3 ||     3
    Use: Scroll            |       |     7 ||     7
   Stab: Sleeping          |     4 |     3 ||     7
 Armour: Robe              |    30 |    61 ||    91
  Dodge: Dodged            |    32 |    54 ||    86

Table legend: (Time is in decaauts)
 A = Elapsed time spent in this place.
 B = Non-inter-level travel time spent in this place.
 C = Inter-level travel time spent in this place.
 D = Time resting spent in this place.
 E = Time spent auto-exploring this place.
 F = Levels seen in this place.
 G = Mean time per level.
                   A        B        C        D        E       F      G
               +--------+--------+--------+--------+--------+-----+--------+
         Total |   3699 |   3370 |    329 |    264 |   2571 |   5 |  739.8 |
       Dungeon |   3699 |   3370 |    329 |    264 |   2571 |   5 |  739.8 |
               +--------+--------+--------+--------+--------+-----+--------+

Top non-repeatable levels by time:
     D:2: 1035 daAuts
     D:1: 984 daAuts
     D:4: 866 daAuts
     D:3: 762 daAuts
     D:5: 50 daAuts
